 Dungeon Crawl Stone Soup version 0.25-a0-589-g1e14c54 (webtiles) character file.

Game seed: 18107394933316766696, levelgen mode: deterministic

16409 robertstho the Fighter (level 12, -3/116 HPs)
             Began as a Minotaur Berserker on Mar 12, 2020.
             Was an Elder of Trog.
             Slain by a bone dragon (10 damage)
             ... on level 1 of the Abyss.
             The game lasted 00:16:57 (8339 turns).

robertstho the Fighter (Minotaur Berserker)         Turns: 8339, Time: 00:16:57

Health: -3/116     AC: 16    Str: 27    XL:     12   Next: 9%
Magic:  11/11      EV: 10    Int:  5    God:    Trog [****..]
Gold:   591        SH:  0    Dex:  9    Spells: 11/11 levels left

rFire    . . .     SeeInvis +   J - +3 glaive (flame)
rCold    + . .     Gourm    .   (shield currently unavailable)
rNeg     . . .     Faith    .   A - +0 chain mail {MR+}
rPois    .         Spirit   .   L - +0 hat {SInv}
rElec    .         Reflect  .   b - +2 cloak
rCorr    .         Harm     .   k - +0 pair of gloves
MR       ++...                  (no boots)
Stlth    ..........             o - amulet of regeneration
HPRegen  0.69/turn              t - ring of protection from magic
MPRegen  0.12/turn              f - ring of protection from cold

@: berserk cooldown, slowed, very slow
A: retaliatory headbutt, horns 2
a: Berserk, Trog's Hand, Brothers in Arms, Renounce Religion


You were on level 1 of the Abyss.
You worshipped Trog.
Trog was greatly pleased with you.
You were hungry.

You visited 1 branch of the dungeon, and saw 10 of its levels.
You visited the Abyss 1 time.

You collected 591 gold pieces.

Inventory:

Hand Weapons
 E - a +2 scimitar of flaming
 J - a +3 glaive of flaming (weapon)
Armour
 b - a +2 cloak (worn)
 k - a +0 pair of gloves (worn)
 z - a +0 plate armour
 A - a +0 chain mail of magic resistance (worn)
 L - a +0 hat of see invisible (worn)
Jewellery
 f - a ring of protection from cold (right hand)
 o - an amulet of regeneration (around neck)
 t - a ring of protection from magic (left hand)
 y - an uncursed ring of fire
 H - an uncursed ring of protection from magic
Wands
 C - a wand of disintegration (24)
 D - a wand of iceblast (17)
 K - a wand of paralysis (9)
Scrolls
 a - 3 scrolls of magic mapping
 d - 2 scrolls of noise {unknown}
 e - 5 scrolls of teleportation {unknown}
 g - 6 scrolls of remove curse
 i - 5 scrolls of fear
 l - 4 scrolls of enchant weapon {unknown}
 n - 2 scrolls of enchant armour
 B - 3 scrolls of amnesia {unknown}
 G - a scroll of vulnerability {unknown}
Potions
 h - 10 potions of curing
 m - 7 potions of stabbing
 p - 5 potions of degeneration {unknown}
 r - 2 potions of lignification {unknown}
 s - 5 potions of magic {unknown}
 u - 2 potions of haste
 v - 2 potions of flight
 w - a potion of resistance {unknown}
 x - a potion of heal wounds
 F - 2 potions of mutation
Comestibles
 c - 15 rations


   Skills:
 * Level 13.7 Fighting
   Level 12.9(13.9) Axes
 + Level 9.0(12.0) Polearms
 + Level 10.4 Armour
 + Level 4.7 Dodging
 + Level 1.8 Stealth
 + Level 0.1 Evocations


You had 11 spell levels left.
You didn't know any spells.
Your spell library was empty.

Dungeon Overview and Level Annotations

Branches:
Dungeon (11/15)            Temple (0/1) D:4            Lair (0/6) D:11
    Orc: D:9-12

Altars:
Cheibriados
Dithmenos
Fedhas
Gozag
Hepliaklqana
Kikubaaqudgha
Makhleb
Qazlal
Vehumet
Xom
The Shining One

Shops:
D:11 }

Annotations:
D:11 Sonja


Innate Abilities, Weirdness & Mutations

You reflexively headbutt those who attack you in melee.
You have a pair of horns on your head.


Message History

You headbutt the bone dragon!
The bone dragon is almost destroyed.
The bone dragon bites you!
* * * LOW HITPOINT WARNING * * *
The bone dragon claws you but does no damage.
The bone dragon tramples you!
* * * LOW HITPOINT WARNING * * *
You hold your ground!
You hit the bone dragon but do no damage.
You headbutt the bone dragon.
The bone dragon is almost destroyed.
You are no longer berserk.
You are exhausted.
You feel yourself slow down.
Your chain mail prevents you from hitting the bone dragon.
You headbutt the bone dragon.
The bone dragon is almost destroyed.
The bone dragon bites you but does no damage.
The bone dragon claws you!
You die...

. . .. ..# .
#...... .... .
.......#..# .
. ....#.#. ##
.. ...
.#...##.# .
...
......##.O####
. .. ...
###.## .# .. .
#....#..# . ..
... #.#@D...#
. # .
#.ยง....##
#....
.#...#### . .
..#.....# .. .
...##.#.# .
... .###...# .
. ....# ..####
.. ... ###
.... . #


You could see a bone dragon.

Vanquished Creatures
  Gastronok (D:10)
  A blizzard demon (Abyss:1)
  Harold (D:7)
  A hydra (D:11)
  Erica (D:8)
  A two-headed ogre (D:8)
  An unseen horror (D:11)
  Pikel (D:4)
  An ugly thing (D:11)
  Maurice (D:11)
  Joseph (D:8)
  A centaur zombie (D:10)
  A gargoyle (D:11)
  A komodo dragon (D:10)
  A queen bee (shapeshifter) (D:10)
  A troll (D:10)
  Grinder (D:5)
  Prince Ribbit (D:6)
  2 hippogriffs (D:8)
  8 yaks (D:10)
  Eustachio (D:5)
  A basilisk (shapeshifter) (Abyss:1)
  A hungry ghost (D:8)
  A warg (D:11)
  Menkaure (D:7)
  3 water moccasins
  2 orc warriors
  A slave (D:4)
  3 ice beasts
  A necrophage (D:8)
  3 ogres
  2 sky beasts
  3 centaurs
  A big kobold (D:10)
  A gnoll sergeant (D:8)
  4 bullfrogs
  A water moccasin zombie (D:8)
  2 small abominations (Abyss:1)
  7 scorpions
  2 killer bees (D:10)
  4 howler monkeys
  4 wights (D:7)
  A bullfrog zombie (D:6)
  3 crimson imps
  7 hounds
  4 jellies (D:8)
  A centaur skeleton (D:10)
  5 orc priests
  10 orc wizards
  4 iguanas
  10 worker ants
  A statue (D:6)
  5 gnolls
  2 worker ant zombies (D:7)
  8 adders
  A shadow imp (D:8)
  6 oozes
  2 adder skeletons (D:8)
  A worm (D:2)
  A dart slug (D:5)
  7 leopard geckos
  21 orcs
  2 giant cockroaches
  5 goblins
  2 hobgoblins
  8 jackals
  5 quokkas
  2 ball pythons
  8 bats
  2 frilled lizards
  8 kobolds
  A quokka skeleton (D:5)
  A quokka zombie (D:7)
  4 rats
225 creatures vanquished.

Vanquished Creatures (collateral kills)
  Nergalle (D:11)
  An ugly thing (D:8)
  A rust devil (Abyss:1)
  Psyche (D:8)
  2 yaks (D:10)
  2 wargs (D:11)
  A small abomination (Abyss:1)
  A bullfrog (D:8)
  A gnoll sergeant (D:10)
  2 killer bees (D:10)
  An orc wizard (D:11)
  4 gnolls (D:10)
  2 orcs (D:11)
  A jackal (D:10)
21 creatures vanquished.

Grand Total: 246 creatures vanquished

Notes
Turn   | Place    | Note
-------+----------+-------------------------------------------
     0 | D:1      | robertstho the Minotaur Berserker began the quest for the
                  | Orb.
     0 | D:1      | Reached XP level 1. HP: 19/19 MP: 0/0
    71 | D:1      | Reached skill level 4 in Fighting
    75 | D:1      | Reached XP level 2. HP: 27/27 MP: 1/1
  1106 | D:2      | Reached XP level 3. HP: 17/34 MP: 2/2
  1338 | D:2      | Found an opulent altar of Gozag.
  1478 | D:2      | Reached XP level 4. HP: 40/41 MP: 3/3
  1648 | D:2      | Found an ancient bone altar of Kikubaaqudgha.
  1861 | D:2      | Reached ** piety under Trog
  2438 | D:4      | Reached skill level 5 in Fighting
  2438 | D:4      | Reached skill level 1 in Stealth
  2438 | D:4      | Reached XP level 5. HP: 41/48 MP: 4/4
  2534 | D:4      | Noticed a slave
  2546 | D:4      | Killed a slave
  2637 | D:4      | Noticed a slave
  2637 | D:4      | Noticed Pikel
  2638 | D:4      | Noticed a slave
  2644 | D:4      | Noticed a slave
  2646 | D:4      | Killed Pikel
  2646 | D:4      | Reached skill level 6 in Fighting
  2646 | D:4      | Reached XP level 6. HP: 55/58 MP: 5/5
  2646 | D:4      | Reached XP level 7. HP: 61/64 MP: 6/6
  2783 | D:4      | Found a stormy altar of Qazlal.
  2785 | D:4      | Found a burning altar of Makhleb.
  3198 | D:4      | Found a staircase to the Ecumenical Temple.
  3320 | D:4      | Reached skill level 5 in Armour
  3772 | D:5      | Entered Level 5 of the Dungeon
  3779 | D:5      | Reached skill level 7 in Fighting
  3845 | D:5      | Noticed Grinder
  3857 | D:5      | Killed Grinder
  3857 | D:5      | Reached XP level 8. HP: 73/73 MP: 7/7
  4071 | D:5      | Found a glowing golden altar of the Shining One.
  4095 | D:5      | Noticed Eustachio
  4109 | D:5      | Killed Eustachio
  4109 | D:5      | Reached skill level 8 in Fighting
  4307 | D:5      | Reached *** piety under Trog
  4387 | D:5      | Found a snail-covered altar of Cheibriados.
  4700 | D:6      | Found a shimmering altar of Xom.
  4736 | D:6      | Found a radiant altar of Vehumet.
  4833 | D:6      | Reached XP level 9. HP: 47/82 MP: 8/8
  4837 | D:6      | Reached skill level 9 in Fighting
  4871 | D:6      | Found a hazy altar of Hepliaklqana.
  4906 | D:6      | Noticed Prince Ribbit
  4916 | D:6      | Killed Prince Ribbit
  5368 | D:7      | Found a snail-covered altar of Cheibriados.
  5448 | D:7      | Reached skill level 10 in Axes
  5535 | D:7      | Found a blossoming altar of Fedhas.
  5651 | D:7      | Reached **** piety under Trog
  5656 | D:7      | Found a shadowy altar of Dithmenos.
  5662 | D:7      | Reached skill level 10 in Fighting
  5678 | D:7      | Noticed Menkaure
  5682 | D:7      | Killed Menkaure
  5994 | D:7      | Noticed Harold
  6016 | D:7      | Killed Harold
  6016 | D:7      | Reached XP level 10. HP: 76/94 MP: 9/9
  6116 | D:8      | Noticed Joseph
  6132 | D:8      | Killed Joseph
  6142 | D:8      | Noticed a two-headed ogre
  6152 | D:8      | Killed a two-headed ogre
  6152 | D:8      | Reached skill level 11 in Fighting
  6187 | D:8      | Noticed a red ugly thing
  6200 | D:8      | Killed a red ugly thing
  6205 | D:8      | Noticed Psyche
  6209 | D:8      | Killed Psyche
  6237 | D:8      | Noticed Erica
  6249 | D:8      | Killed Erica
  6303 | D:8      | Reached skill level 12 in Fighting
  6822 | D:8      | Reached ***** piety under Trog
  6822 | D:8      | Received a gift from Trog
  6856 | D:8      | You fall into a shaft and drop 2 floors!
  6856 | D:10     | Entered Level 10 of the Dungeon
  6892 | D:10     | Reached XP level 11. HP: 86/105 MP: 10/10
  6973 | D:10     | Reached skill level 1 in Polearms
  7139 | D:10     | Noticed Gastronok
  7160 | D:10     | Killed Gastronok
  7160 | D:10     | Reached skill level 13 in Fighting
  7160 | D:10     | Reached skill level 5 in Polearms
  7678 | D:11     | Noticed an unseen horror
  7687 | D:11     | Killed an unseen horror
  7748 | D:11     | Noticed a green ugly thing
  7754 | D:11     | Killed a green ugly thing
  7759 | D:11     | Reached skill level 10 in Armour
  7854 | D:11     | Found Uskap's Gadget Emporium.
  7896 | D:11     | Noticed Sonja
  7898 | D:11     | Noticed Nergalle
  7904 | D:11     | Killed Nergalle
  7926 | D:11     | Noticed Maurice
  7931 | D:11     | Killed Maurice
  8156 | D:11     | Found a staircase to the Lair.
  8194 | D:11     | Noticed a seven-headed hydra
  8203 | D:11     | Killed a four-headed hydra
  8204 | D:11     | Cast into level 1 of the Abyss (Sonja)
  8253 | Abyss:1  | Noticed a blizzard demon
  8260 | Abyss:1  | Reached XP level 12. HP: 89/115 MP: 11/11
  8267 | Abyss:1  | Killed a blizzard demon
  8316 | Abyss:1  | Noticed a bone dragon
  8337 | Abyss:1  | HP: 8/174 [bone dragon (7)]
  8339 | Abyss:1  | Slain by a bone dragon

Levels and vault maps discovered:
D:1:      scummos_arrival_hexagon, layout_basic
D:2:      layout_basic, lemuel_doored_altar, grunt_gozag_breadcrumbs
D:3:      layout_rooms
D:4:      layout_basic, grunt_temple_overflow_open,
          minmay_temple_entry_overgrown, uniq_pikel
D:5:      layout_loops_cross, nicolae_overflow_crystal_walls, first_ration,
          kennysheep_slug_shrine, uniq_eustachio, uniq_grinder
D:6:      layout_loops_ring, vehumet_statue, kennysheep_little_box,
          brannock_xom_greatest_gift, uniq_prince_ribbit1
D:7:      layout_loops_ring, fedhas_altar_3, nicolae_dithmenos_shadow_blocks,
          lemuel_crystal_altar, kennysheep_generic_room_8, uniq_menkaure,
          uniq_harold
D:8:      layout_loops_ring, hangedman_little_slice_of_home,
          minmay_misc_feat_four_crosses, minmay_between, uniq_psyche,
          uniq_erica, uniq_joseph
D:10:     layout_basic, hangedman_decor_riveting, uniq_gastronok
D:11:     cheibrodos_shockbox, layout_irregular_city, erik_lair_orcish_takeover,
          serial_shops, shop, minmay_liquid_box, grunt_decor_fettered,
          minmay_misc_feat_rugged, uniq_sonja, uniq_maurice, uniq_nergalle
Abyss:1:  base:
D:10

Skill      XL: |  1  2  3  4  5  6  7  8  9 10 11 12 |
---------------+-------------------------------------+-----
Fighting       | 4 5 6 7 8 10 12 13 | 13.7
Axes           | 4 6 7 9 11 12 | 12.9
Armour         | 3 4 5 6 8 9 10 | 10.4
Stealth        | 1 |  1.8
Dodging        | 3 4 |  4.7
Polearms       | 8 9 |  9.0
Evocations     | |  0.1

Action                   |  1- 3 |  4- 6 |  7- 9 | 10-12 || total
-------------------------+-------+-------+-------+-------++-------
Melee: Hand axe          |    59 |    29 |       |       ||    88
       Headbutt          |     8 |     4 |    40 |    54 ||   106
       War axe           |       |    37 |   269 |   121 ||   427
       Glaive            |       |       |       |   206 ||   206
Invok: Berserk           |       |     1 |     4 |     7 ||    12
       Brothers in Arms  |       |       |       |     4 ||     4
       Trog's Hand       |       |       |       |     3 ||     3
Evoke: Wand              |       |       |       |     2 ||     2
  Use: Scroll            |       |       |    11 |     1 ||    12
       Potion            |       |       |       |     2 ||     2
 Stab: Sleeping          |     3 |       |       |       ||     3
  Eat: Chunk             |     2 |     3 |    16 |    15 ||    36
       Ration            |       |       |       |     1 ||     1
Armor: Animal skin       |     3 |       |       |       ||     3
       Ring mail         |    17 |    28 |    42 |       ||    87
       Scale mail        |       |       |    17 |       ||    17
       Plate armour      |       |       |    65 |       ||    65
       Chain mail        |       |       |       |   183 ||   183
Dodge: Dodged            |    32 |    43 |   109 |   162 ||   346

Table legend:
 A = Non-vault XP
 B = Vault XP
 C = Vault XP percentage of total XP
 D = Non-vault monster count
 E = Vault monster count
 F = Vault count percentage of total count
                 A         B        C        D         E       F
            +---------+---------+-------+---------+---------+-------
      Total |   15081 |    8361 |  35.7 |     210 |      35 |  14.3
            +---------+---------+-------+---------+---------+-------
        D:1 |      20 |       0 |   0.0 |      13 |       0 |   0.0
        D:2 |      91 |       0 |   0.0 |      18 |       0 |   0.0
        D:3 |      26 |       0 |   0.0 |       8 |       0 |   0.0
        D:4 |     394 |     593 |  60.1 |      10 |       1 |   9.1
        D:5 |     714 |     470 |  39.7 |      25 |       3 |  10.7
        D:6 |     691 |     278 |  28.7 |      17 |       2 |  10.5
        D:7 |    1243 |    1162 |  48.3 |      26 |       2 |   7.1
        D:8 |    2784 |    2161 |  43.7 |      28 |      16 |  36.4
       D:10 |    4424 |    2338 |  34.6 |      51 |       1 |   1.9
       D:11 |    3042 |    1359 |  30.9 |       8 |      10 |  55.6
    Abyss:1 |    1652 |       0 |   0.0 |       6 |       0 |   0.0
            +---------+---------+-------+---------+---------+-------
